 Dungeon Crawl Stone Soup version 0.29.0-4-gdea44cf6ec (webtiles) character file.

Game seed: 11502453746429901951

186 qw the Chopper (level 5, -25/30 HPs)
             Began as a Tengu Warper on Aug 28, 2022.
             Annihilated by an ogre
             ... wielding a +0 giant club
              (26 damage)
             ... on level 4 of the Dungeon.
             The game lasted 00:00:18 (3078 turns).

qw the Chopper (Tengu Warper)                       Turns: 3078, Time: 00:00:19

Health: -25/30     AC:  6    Str: 11 (13) XL:     5   Next: 66%
Magic:  9/9        EV: 10    Int: 11 (14) God:
Gold:   201        SH:  3    Dex: 10 (13) Spells: 8/8 levels left

rFire   + . .      SeeInvis .   Y - +0 war axe
rCold   . . .      Faith    .   e - +0 buckler
rNeg    . . .      Spirit   .   m - +0 scale mail
rPois   .          Reflect  .   (helmet restricted)
rElec   .          Harm     .   (no cloak)
rCorr   .          Rampage  .   (no gloves)
Will    .....                   (boots unavailable)
Stlth   ..........              (no amulet)
HPRegen 0.10/turn               f - ring of protection from fire
MPRegen 0.11/turn               (no ring)

@: about to teleport, flying quickly and evasively, quick
A: beak, talons 3, nimble flight
a: no special abilities


You were on level 4 of the Dungeon.
You visited 1 branch of the dungeon, and saw 4 of its levels.

You collected 201 gold pieces.


Innate Abilities, Weirdness & Mutations

You have a beak for a mouth.
You have claws for feet.
Your magical nature lets you fly swiftly and evasively.


   Skills:
 - Level 2.0 Fighting
 + Level 6.1 Axes
 - Level 1.0 Throwing
 - Level 1.1 Armour
 - Level 2.1 Dodging
 - Level 1.0 Shields
 - Level 2.0 Spellcasting
 - Level 2.4 Translocations


You had 8 spell levels left.
You didn't know any spells.
Your spell library contained the following spells:

 Spells                   Type           Power      Damage    Failure   Level
 Blink                    Tloc           12%        N/A       80%         2
 Gell's Gravitas          Tloc           6%         N/A       95%         3
 Lesser Beckoning         Tloc           6%         N/A       95%         3
 Teleport Other           Tloc           6%         N/A       95%         3
 Manifold Assault         Tloc           6%         N/A       100%        5

Inventory:

Hand Weapons
 l - a +0 flail
 Y - a +0 war axe (weapon)
Armour
 e - a +0 buckler (worn)
 m - a +0 scale mail (worn)
Jewellery
 f - a ring of protection from fire (left hand)
Scrolls
 c - a scroll of teleportation
 g - a scroll of identify
Potions
 h - a potion of cancellation

Dungeon Overview and Level Annotations

Branches:
Dungeon (4/15)
 Temple: D:4-7

Altars:
Fedhas
Qazlal
Uskayaw
Vehumet
Xom
Yredelemnul

Shops:
D:1 [

Annotations:
D:4 3 runed translucent doors, qw's ghost, amateur TeWr


Message History

Where to? (* - list waypoints, Enter - D:3 @ (x,y), ? - help)
You fly downwards.
Level annotation: 3 runed translucent doors, qw's ghost, amateur TeWr
There is a stone staircase leading up here.
You now have 201 gold pieces (gained 17).
There is a stone staircase leading up here.
A hound comes into view.
The hound barks!
The hound closely misses you.
You hit the hound. You claw the hound. Your peck misses the hound.
The hound is heavily wounded.
You block the hound's attack. The hound bites you but does no damage.
You hit the hound. You peck the hound.
You kill the hound!
Your Axes skill increases to level 6!
Found a hand axe.
You see here a +0 hand axe.
You see here a +0 hand axe.
An ogre comes into view. It is wielding a +0 giant club.
The ogre shouts!
You hit the ogre.
The ogre is lightly wounded.
The ogre closely misses you.
You hit the ogre but do no damage. Your kick misses the ogre.
Your peck misses the ogre.
The ogre is lightly wounded.
The ogre closely misses you.
You slash the ogre! You claw the ogre, but do no damage. You peck the ogre.
The ogre is severely wounded.
The ogre hits you with a +0 giant club!
Ouch! That really hurt!
You hit the ogre but do no damage. You claw the ogre.
The ogre is severely wounded.
The ogre hits you with a +0 giant club!
3078 ||| READING 2 scrolls of teleportation.
As you read the scroll of teleportation, it crumbles to dust.
You feel strangely unstable.
The ogre hits you with a +0 giant club!!
Ouch! That really hurt!
You die...

#.#
##.........##
#.#
##.......##
#.# #...#...#
#.# #...#...#
#.# #..###..#
#.# #..# #..#
#.# #.## ##.#
##.# #_# #_#
#.@# ### ###
#..O......
#.######## ..
#.. #.. ##.
#.


You could see an ogre.

Vanquished Creatures
  A hound (D:4)
  An orc priest (D:4)
  An iguana (D:4)
  3 adders
  2 worms (D:2)
  A dart slug (D:1)
  5 orcs
  7 ball pythons
  4 bats
  5 endoplasms
  3 giant cockroaches
  5 goblins
  6 hobgoblins
  A quokka (D:2)
  3 frilled lizards
  7 kobolds
  6 rats
61 creatures vanquished.

Notes
Turn   | Place    | Note
-------+----------+-------------------------------------------
     0 | D:1      | qw the Tengu Warper began the quest for the Orb.
     0 | D:1      | Reached XP level 1. HP: 12/12 MP: 4/4
     0 | D:1      | 0 ||| qw: Version: 0.1-a-89-g26bdef1
     0 | D:1      | 0 ||| qw: Game counter: 701
     0 | D:1      | 0 ||| qw: Always use a shield: true
     0 | D:1      | 0 ||| qw: God list: Okawaru
     0 | D:1      | 0 ||| qw: Allow faded altars: false
     0 | D:1      | 0 ||| qw: Do Orc after D:15 true
     0 | D:1      | 0 ||| qw: Do second Lair branch before Depths: true
     0 | D:1      | 0 ||| qw: Lair rune preference: random
     0 | D:1      | 0 ||| qw: Plans: Normal
     0 | D:1      | 0 ||| PLANNING D:1-11
   106 | D:1      | Reached skill level 3 in Axes
   106 | D:1      | Reached XP level 2. HP: 17/17 MP: 6/6
   329 | D:1      | 329 ||| Stepping ~*~*~tactically~*~*~ (stealth).
   334 | D:1      | 334 ||| Stepping ~*~*~tactically~*~*~ (stealth).
   358 | D:1      | Found Wut Zaadgh's Antique Armour Shoppe.
   710 | D:1      | 710 ||| UPGRADING to +0 buckler.
   715 | D:1      | 715 ||| READING scroll labelled HOPHYEMYCA.
   719 | D:1      | 719 ||| READING scroll labelled XEISCH LUEXZESS.
   720 | D:1      | 720 ||| READING 2 scrolls labelled ZILLEX VYPLE.
   721 | D:1      | 721 ||| READING scroll labelled BOCUIF CIASI.
   722 | D:1      | 722 ||| READING scroll labelled GECACIFRAY.
   723 | D:1      | 723 ||| DROPPING scroll of blinking.
   808 | D:2      | Reached XP level 3. HP: 18/21 MP: 7/7
   925 | D:2      | Reached skill level 1 in Shields
   940 | D:2      | 940 ||| Stepping ~*~*~tactically~*~*~ (stealth).
   976 | D:2      | Reached skill level 4 in Axes
  1107 | D:2      | 1107 ||| Stepping ~*~*~tactically~*~*~ (stealth).
  1114 | D:2      | Reached XP level 4. HP: 22/26 MP: 8/8
  1148 | D:2      | 1148 ||| Stepping ~*~*~tactically~*~*~ (stealth).
  1217 | D:2      | Found a stormy altar of Qazlal.
  1259 | D:2      | Identified the +5 sling of Arbitration {vorpal, rC+ Int+4
                  | Dex+2}
  1769 | D:2      | 1769 ||| READING scroll labelled COSMYCUT BUOPT.
  1770 | D:2      | 1770 ||| READING scroll labelled SYLIAG MEHI.
  1771 | D:2      | 1771 ||| READING 2 scrolls of identify.
  1771 | D:2      | 1771 ||| IDENTIFYING inky potion
  1772 | D:2      | 1772 ||| DROPPING potion of lignification.
  2048 | D:3      | You fall into a shaft and drop 1 floor!
  2141 | D:4      | Found a runed translucent gate.
  2141 | D:4      | Found a runed translucent gate.
  2141 | D:4      | Found a runed translucent gate.
  2142 | D:4      | Noticed qw's ghost (amateur TeWr)
  2178 | D:4      | Found a hide-covered altar of Uskayaw.
  2184 | D:4      | Found a radiant altar of Vehumet.
  2184 | D:4      | Found a basalt altar of Yredelemnul.
  2209 | D:4      | Found a shimmering altar of Xom.
  2212 | D:4      | Found a blossoming altar of Fedhas.
  2246 | D:4      | 2246 ||| Stepping ~*~*~tactically~*~*~ (stealth).
  2247 | D:4      | 2247 ||| Stepping ~*~*~tactically~*~*~ (hiding).
  2249 | D:4      | 2249 ||| Stepping ~*~*~tactically~*~*~ (hiding).
  2250 | D:4      | 2250 ||| Stepping ~*~*~tactically~*~*~ (stealth).
  2252 | D:4      | 2252 ||| Stepping ~*~*~tactically~*~*~ (stealth).
  2260 | D:4      | Reached skill level 5 in Axes
  2260 | D:4      | Gained mutation: Your magical nature lets you fly swiftly
                  | and evasively. [Tengu growth]
  2260 | D:4      | Reached XP level 5. HP: 12/30 MP: 9/9
  2333 | D:4      | 2333 ||| Stepping ~*~*~tactically~*~*~ (stealth).
  2335 | D:4      | 2335 ||| SWAPPING to +0 war axe.
  2337 | D:4      | 2337 ||| Stepping ~*~*~tactically~*~*~ (stealth).
  2430 | D:4      | 2430 ||| DROPPING +0 club.
  2431 | D:4      | 2431 ||| DROPPING +0 hand axe of protection.
  2471 | D:4      | 2471 ||| UPGRADING to +0 ring mail.
  2481 | D:4      | 2481 ||| DROPPING +0 leather armour.
  2482 | D:4      | 2482 ||| UPGRADING to +0 scale mail.
  2492 | D:4      | 2492 ||| DROPPING +0 ring mail.
  2493 | D:4      | 2493 ||| DROPPING amulet of magic regeneration.
  2494 | D:4      | 2494 ||| UPGRADING to ring of protection from fire.
  2495 | D:4      | 2495 ||| READING scroll labelled IDU FETILA UDI.
  2496 | D:4      | 2496 ||| READING 2 scrolls of identify.
  2496 | D:4      | 2496 ||| IDENTIFYING grey potion
  2497 | D:4      | 2497 ||| READING 2 scrolls of teleportation.
  2581 | D:3      | Identified the +2 pair of boots "Poggonir" {Fly rC+ SInv}
  2957 | D:3      | 2957 ||| DRINKING 2 brown potions.
  2958 | D:3      | 2958 ||| DROPPING potion of degeneration.
  3026 | D:4      | Reached skill level 6 in Axes
  3072 | D:4      | Noticed an ogre
  3077 | D:4      | HP: 1/30 [ogre/+0 giant club (12)]
  3078 | D:4      | 3078 ||| READING 2 scrolls of teleportation.
  3078 | D:4      | Annihilated by an ogre

Levels and vault maps discovered:
D:1:      zaba_arrival_water, layout_loops_cross, serial_shops,
          nicolae_shop_statue_plus
D:2:      layout_basic, basic_altar, grunt_ministairs_8, minmay_pentomino_t4
D:3:      layout_loops_ring
D:4:      layout_loops_ring, minmay_overflow_temple_star_hex,
          minmay_temple_entry_offerings, ebering_ghost_rock_garden

Skill      XL: |  1  2  3  4  5 |
---------------+----------------+-----
Axes           | 3 4 5 6 |  6.1
Shields        | 1 |  1.0
Fighting       | |  2.0
Throwing       | |  1.0
Armour         | |  1.1
Dodging        | |  2.1
Spellcasting   | |  2.0
Translocations | |  2.4

Action                   |  1- 3 |  4- 6 || total
-------------------------+-------+-------++-------
Melee: Hand axe          |    75 |    67 ||   142
       Kick              |    24 |    25 ||    49
       Peck              |     8 |    12 ||    20
       War axe           |       |    30 ||    30
Throw: Boomerang         |     7 |       ||     7
  Use: Scroll            |     5 |     7 ||    12
       Potion            |       |     1 ||     1
Armor: Leather armour    |    24 |    23 ||    47
       Scale mail        |       |     4 ||     4
Dodge: Dodged            |    32 |    43 ||    75
Block: Buckler           |     6 |    20 ||    26

Table legend:
 A = Non-vault XP
 B = Vault XP
 C = Vault XP percentage of total XP
 D = Non-vault monster count
 E = Vault monster count
 F = Vault count percentage of total count
                 A         B        C        D         E       F
            +---------+---------+-------+---------+---------+-------
      Total |     253 |      14 |   5.2 |      55 |       6 |   9.8
            +---------+---------+-------+---------+---------+-------
        D:1 |      31 |       0 |   0.0 |      18 |       0 |   0.0
        D:2 |      54 |      14 |  20.6 |      16 |       6 |  27.3
        D:3 |      32 |       0 |   0.0 |      12 |       0 |   0.0
        D:4 |     136 |       0 |   0.0 |       9 |       0 |   0.0
            +---------+---------+-------+---------+---------+-------
